 Dungeon Crawl Stone Soup version 0.28.0-45-g0d030f2227 (webtiles) character file.

Game seed: 10469686750495717048

1223 101zpm the Chiller (level 8, -4/61 HPs)
             Began as a Black Draconian Ice Elementalist on Apr 19, 2022.
             Slain by a wyvern zombie (13 damage)
             ... on level 7 of the Dungeon.
             The game lasted 00:19:34 (6922 turns).

101zpm the Chiller (DrIE)                           Turns: 6922, Time: 00:19:35

Health: -4/61      AC:  6    Str: 10    XL:     8   Next: 23%
Magic:  9/17       EV: 12    Int: 18    God:
Gold:   247        SH:  0    Dex: 12    Spells: 11/19 levels left

rFire   . . .      SeeInvis .   m - +2 short sword (venom)
rCold   . . .      Faith    .   (no shield)
rNeg    . . .      Spirit   .   (armour unavailable)
rPois   .          Reflect  .   (helmet restricted)
rElec   +          Harm     .   (no cloak)
rCorr   .          Rampage  .   (no gloves)
Will    .....                   (no boots)
Stlth   ++........              (no amulet)
HPRegen 0.20/turn               (no ring)
MPRegen 0.15/turn               (no ring)

@: freezing walls
A: breathe lightning, AC +6, unfitting armour, electricity resistance,
cold-blooded
a: Breathe Lightning


You were on level 7 of the Dungeon.
You visited 1 branch of the dungeon, and saw 7 of its levels.

You collected 247 gold pieces.

Inventory:

Hand Weapons
 m - a +2 short sword of venom (weapon)
Missiles
 n - 198 stones
 o - a throwing net
Jewellery
 b - an amulet of reflection
Scrolls
 c - 6 scrolls of identify {unknown}
 d - a scroll of enchant weapon {unknown}
 e - 2 scrolls of vulnerability {unknown}
 f - 3 scrolls of amnesia {unknown}
 g - 2 scrolls of blinking {unknown}
 i - 2 scrolls of fear {unknown}
 j - a scroll of noise {unknown}
Potions
 a - 3 potions of haste {unknown}
 h - a potion of berserk rage {unknown}
 k - a potion of heal wounds {unknown}
 l - 2 potions of ambrosia {unknown}


   Skills:
 + Level 2.2 Fighting
 + Level 2.1 Short Blades
 + Level 2.8 Dodging
 + Level 3.0 Stealth
 + Level 6.1 Spellcasting
 + Level 1.4 Hexes
 + Level 6.7 Ice Magic


You had 11 spell levels left.
You knew the following spells:

 Your Spells              Type           Power      Damage    Failure   Level
a - Freeze                Ice            100%       1d11      1%          1
b - Frozen Ramparts       Ice            58%        1d7       2%          3
c - Ozocubu's Armour      Ice            29%        N/A       2%          3
d - Slow                  Hex            40%        N/A       7%          1

Your spell library contained the following spells:

 Spells                   Type           Power      Damage    Failure   Level
 Sublimation of Blood     Necr           5%         N/A       19%         2
 Wereblood                Tmut           5%         N/A       19%         2
 Confusing Touch          Hex            10%        N/A       21%         3
 Hailstorm                Conj/Ice       17%        3d6       30%         4
 Vampiric Draining        Necr           5%         2d6       34%         3
 Summon Hydra             Summ           2%         N/A       100%        7


Dungeon Overview and Level Annotations

Branches:
Dungeon (7/15)             Temple (0/1) D:5

Altars:
Ashenzari
Elyvilon
Qazlal
Trog

Shops:
D:2 [   D:6 [

Annotations:
D:3 1 runed translucent door, Crazy Yiuf


Innate Abilities, Weirdness & Mutations

You can breathe wild blasts of lightning.
Your glossy black scales are hard. (AC +6)
You cannot fit into any form of body armour.
You are resistant to electric shocks. (rElec)
You are cold-blooded and may be slowed by cold attacks.


Message History

The wyvern zombie is heavily damaged.
The wyvern zombie completely resists.
The wall freezes the wyvern zombie but does no damage.
The wyvern zombie bites you.
You hit the wyvern zombie. You tail-slap the wyvern zombie.
The wyvern zombie is heavily damaged.
The wyvern zombie resists.
The wall freezes the wyvern zombie.
The wyvern zombie bites you!
You hit the wyvern zombie.
The wyvern zombie is severely damaged.
The wyvern zombie resists.
The wall freezes the wyvern zombie.
The wyvern zombie bites you.
* * * LOW HITPOINT WARNING * * *
The wyvern zombie completely resists.
The wall freezes the wyvern zombie but does no damage.
The wyvern zombie closely misses you.
You barely miss the wyvern zombie.
The wyvern zombie is severely damaged.
The wyvern zombie completely resists.
The wall freezes the wyvern zombie but does no damage.
The wyvern zombie bites you.
* * * LOW HITPOINT WARNING * * *
You hit the wyvern zombie.
The wyvern zombie is severely damaged.
The wyvern zombie completely resists.
The wall freezes the wyvern zombie but does no damage.
The wyvern zombie barely misses you.
Aiming: Freeze (safe; 1% risk of failure)
Press: ? - help, Q - select action, (/) - cycle Shift-Dir - straight line, f - wyvern zombie
Aim: a wyvern zombie (severely damaged)
You freeze the wyvern zombie.
The wyvern zombie resists.
The wyvern zombie is almost destroyed.
The wyvern zombie completely resists.
The wall freezes the wyvern zombie but does no damage.
The wyvern zombie bites you.
* * * LOW HITPOINT WARNING * * *
The wyvern zombie completely resists.
The wall freezes the wyvern zombie but does no damage.
The wyvern zombie bites you!
You die...

##....##..###...# .
#######..###...##..
#...<.........
#.............
##.###....##..
#####'#####..
#..........
#.......... ##
##@##..####
##..##Z###+#
#.......# #.......+
#..#...## ## #...#
..... #......
#..#...


You could see a wyvern zombie.

Vanquished Creatures
  2 sky beasts
  An orc warrior (D:6)
  A necrophage (D:6)
  An ogre (D:7)
  2 scorpions (D:6)
  A howler monkey (D:5)
  3 hounds
  A bullfrog skeleton (D:5)
  2 bullfrog zombies
  An orc priest (D:6)
  A gnoll shaman (D:7)
  2 iguanas
  Jessica (D:3)
  2 orc wizards (D:6)
  A scorpion zombie (D:5)
  A hound skeleton (D:4)
  5 gnolls
  5 adders
  An ufetubus (D:5)
  2 adder skeletons (D:4)
  3 worms
  2 dart slugs
  6 orcs
  6 ball pythons
  5 endoplasms
  5 giant cockroaches
  5 goblins
  7 hobgoblins
  2 jackals (D:1)
  9 quokkas
  5 bats
  3 frilled lizards
  11 kobolds
  7 rats
112 creatures vanquished.

Notes
Turn   | Place    | Note
-------+----------+-------------------------------------------
     0 | D:1      | 101zpm the Draconian Ice Elementalist began the quest for
                  | the Orb.
     0 | D:1      | Reached XP level 1. HP: 14/14 MP: 3/3
   148 | D:3      | Reached XP level 2. HP: 20/20 MP: 3/5
   202 | D:4      | Reached XP level 3. HP: 17/26 MP: 1/6
  1192 | D:4      | Reached XP level 4. HP: 20/33 MP: 8/8
  1343 | D:5      | Entered Level 5 of the Dungeon
  1571 | D:5      | Found a staircase to the Ecumenical Temple.
  1574 | D:5      | Reached skill level 5 in Ice Magic
  1582 | D:5      | Reached XP level 5. HP: 37/39 MP: 1/9
  1652 | D:5      | Reached skill level 1 in Fighting
  1844 | D:5      | Reached skill level 1 in Short Blades
  1933 | D:5      | Noticed a sky beast
  1947 | D:5      | Killed a sky beast
  1948 | D:5      | Reached XP level 6. HP: 32/47 MP: 5/11
  2925 | D:2      | Found Ickubona's Armour Boutique.
  3390 | D:3      | Found a white marble altar of Elyvilon.
  3471 | D:3      | Found a stormy altar of Qazlal.
  3589 | D:3      | Found a broken altar of Ashenzari.
  3591 | D:3      | Noticed Jessica
  3658 | D:5      | Noticed an ice beast
  3813 | D:3      | Found a bloodstained altar of Trog.
  4029 | D:3      | Found a runed translucent door.
  4030 | D:3      | Noticed Crazy Yiuf
  4364 | D:1      | Found a faded altar of an unknown god.
  5279 | D:3      | Killed Jessica
  5572 | D:5      | Your scales start taking on a glossy black colour.
  5572 | D:5      | Reached XP level 7. HP: 52/52 MP: 13/13
  5572 | D:5      | Gained mutation: You are resistant to electric shocks.
                  | (rElec) [Black Draconian growth]
  5654 | D:6      | Learned a level 3 spell: Frozen Ramparts
  5658 | D:6      | Learned a level 3 spell: Ozocubu's Armour
  5660 | D:6      | Learned a level 1 spell: Slow
  5983 | D:6      | Reached skill level 5 in Spellcasting
  6179 | D:6      | Found Boompiva's Armour Boutique.
  6266 | D:6      | Reached skill level 1 in Hexes
  6587 | D:6      | Reached XP level 8. HP: 61/61 MP: 10/16
  6922 | D:7      | Slain by a wyvern zombie

Illustrated notes

Levels and vault maps discovered:
D:1:      amcnicky_arrival_blooded_trapdoor, layout_rooms,
          chequers_ecumenical_altar_island, minmay_misc_feat_five
D:2:      layout_basic, serial_shops, nicolae_shop_waterfront, serial_aquarium,
          aquarium_bridge_square [aquarium_subvault_bridge,
          aquarium_subvault_bridge, aquarium_subvault_window,
          aquarium_subvault_bridge], aquarium_window_fake, aquarium_window_3,
          aquarium_window_1, aquarium_view_2d, aquarium_view_2d,
          aquarium_balcony_3b, aquarium_pool_split
D:3:      layout_basic, trog_butcher_becter, grunt_qazlal_sundering,
          mainiacjoe_overflow_concentric_impassable, elyvilon_altar_1,
          minivault_24, uniq_crazy_yiuf_cottage, uniq_jessica
D:4:      layout_gridville
D:5:      layout_loops_ring, mainiacjoe_overflow_cross_hatched,
          minmay_temple_entry_large_hall, gup_sewer_entry_spiral,
          grunt_ministairs_9, st_stairs_1
D:6:      layout_basic, serial_shops, shop
D:7:      layout_gridville, minivault_19

Skill      XL: |  1  2  3  4  5  6  7  8 |
---------------+-------------------------+-----
Stealth        | 2 3 |  3.0
Dodging        | 2 |  2.8
Spellcasting   | 3 4 5 6 |  6.1
Ice Magic      | 5 6 |  6.7
Fighting       | 1 2 |  2.2
Short Blades   | 1 2 |  2.1
Hexes          | 1 |  1.4

Action                   |  1- 3 |  4- 6 |  7- 9 || total
-------------------------+-------+-------+-------++-------
Melee: Unarmed           |     3 |       |       ||     3
       Short sword       |    52 |    89 |    49 ||   190
       Tailslap          |     8 |    11 |     8 ||    27
       Punch             |       |       |     1 ||     1
 Cast: Freeze            |    24 |   122 |     8 ||   154
       Slow              |       |       |    25 ||    25
       Frozen Ramparts   |       |       |    14 ||    14
       Ozocubu's Armour  |       |       |     4 ||     4
 Stab: Sleeping          |     1 |     2 |       ||     3
Armor: Skin              |    13 |    68 |    15 ||    96
Dodge: Dodged            |    56 |   127 |    23 ||   206
